 Dungeon Crawl Stone Soup version 0.29-a0-284-gf9362112df (webtiles) character file.

Game seed: 7695140154340202357

970 sammy202020 the Skirmisher (level 8, -5/76 HPs)
             Began as a Gargoyle Berserker on Mar 16, 2022.
             Was a Believer of Trog.
             Slain by Prince Ribbit (13 damage)
             ... on level 6 of the Dungeon.
             The game lasted 00:06:52 (5632 turns).

sammy202020 the Skirmisher (Gargoyle Berserker)     Turns: 5632, Time: 00:06:53

Health: -5/76      AC: 19    Str: 21    XL:     8   Next: 16%
Magic:  8/8        EV:  8    Int: 10    God:    Trog [**....]
Gold:   257        SH:  0    Dex:  9    Spells: 7/7 levels left

rFire   . . .      SeeInvis +   k - +0 dire flail
rCold   . . .      Faith    .   (shield currently unavailable)
rNeg    + . .      Spirit   .   f - +1 chain mail
rPois   ∞          Reflect  .   p - +2 hat
rElec   +          Harm     .   h - +0 cloak
rCorr   .          Rampage  .   (no gloves)
Will    ++...                   (no boots)
Stlth   ..........              (no amulet)
HPRegen 1.22/turn               m - ring of see invisible
MPRegen 0.11/turn               (no ring)

@: berserking, strong-willed, regenerating, very quick
A: sickness immunity, AC +5, negative energy resistance 1, electricity
resistance, torment resistance 1, petrification resistance
a: Renounce Religion, Berserk, Trog's Hand


You were on level 6 of the Dungeon.
You worshipped Trog.
Trog was pleased with you.
You visited 1 branch of the dungeon, and saw 6 of its levels.

You collected 257 gold pieces.

Inventory:

Hand Weapons
 a - a +0 mace
 k - a +0 dire flail (weapon)
Missiles
 i - 9 poisoned darts (quivered)
 j - 5 atropa-tipped darts
 t - 4 javelins
Armour
 b - the +1 leather armour of Follow the Leader {rC++ Stlth+}
   (You found it on level 5 of the Dungeon)

   rC:        It greatly protects you from cold.
   Stlth:     It makes you more stealthy.
 f - a +1 chain mail (worn)
 h - a +0 cloak (worn)
 p - a +2 hat (worn)
Jewellery
 m - a ring of see invisible (left hand)
Wands
 e - a wand of charming (7)
Potions
 c - a potion of magic
 d - a potion of might
 g - a potion of lignification {unknown}
 l - 4 potions of curing
 n - a potion of mutation {unknown}
 o - a potion of berserk rage {unknown}
 q - a potion of invisibility {unknown}
 r - a potion of degeneration {unknown}
Miscellaneous
 s - a piece from Xom's chessboard (15/15)


   Skills:
 * Level 6.2 Fighting
 * Level 5.7 Maces & Flails
 * Level 5.7 Armour
 + Level 3.3 Dodging


You had 7 spell levels left.
You didn't know any spells.
Your spell library was empty.

Dungeon Overview and Level Annotations

Branches:
Dungeon (6/15)             Temple (0/1) D:4

Altars:
Elyvilon
Makhleb
Sif Muna
Uskayaw
The Shining One

Annotations:
D:6 Prince Ribbit


Innate Abilities, Weirdness & Mutations

You are immune to sickness and miasma.
Your stone body is resilient. (AC +5)
You are immune to poison.
You resist negative energy. (rN+)
You are resistant to electric shocks. (rElec)
You are resistant to unholy torment.
You are immune to petrification.


Message History

You closely miss Prince Ribbit.
Prince Ribbit is severely wounded.
Prince Ribbit hits you!
You are too injured to fight recklessly!
You are too injured to fight recklessly!
You are too injured to fight recklessly!
You are too injured to fight recklessly!
You are too injured to fight recklessly!
You are too injured to fight recklessly!
You are too injured to fight recklessly!
You are too injured to fight recklessly!
You are too injured to fight recklessly!
You are too injured to fight recklessly!
You are too injured to fight recklessly!
You puncture Prince Ribbit!
Prince Ribbit is almost dead.
Prince Ribbit blinks!
Prince Ribbit hits you.
Your skin crawls.
You feel strong-willed. Prince Ribbit barely misses you.
Prince Ribbit blinks!
Prince Ribbit blinks!
Prince Ribbit hits you!
* * * LOW HITPOINT WARNING * * *
You miss Prince Ribbit.
Prince Ribbit is almost dead.
Prince Ribbit hits you.
* * * LOW HITPOINT WARNING * * *
Prince Ribbit hits you.
* * * LOW HITPOINT WARNING * * *
You miss Prince Ribbit.
Prince Ribbit is almost dead.
Prince Ribbit hits you but does no damage.
You barely miss Prince Ribbit.
Prince Ribbit is almost dead.
Prince Ribbit hits you!
* * * LOW HITPOINT WARNING * * *
Prince Ribbit hits you but does no damage.
A red film seems to cover your vision as you go berserk!
You feel yourself moving faster!
You feel mighty! Prince Ribbit hits you!
You die...

#####
#...#
#.#
#.#
#@#
#F#
#.#
#.#
#.#
#.#
#.#
#.#
#<#


You could see Prince Ribbit.

Vanquished Creatures
  A black bear (D:5)
  2 ogres (D:5)
  2 phantoms
  A bullfrog (D:4)
  A scorpion (D:5)
  A howler monkey (D:5)
  A crimson imp (D:4)
  3 orc priests
  2 jellies
  Crazy Yiuf (D:2)
  An orc wizard (D:5)
  Natasha (D:2)
  An iguana (D:4)
  5 adders
  A shadow imp (D:5)
  A white imp (D:4)
  2 ufetubi (D:4)
  2 worms
  A dart slug (D:4)
  8 orcs
  6 ball pythons
  4 bats
  3 endoplasms
  2 giant cockroaches
  2 goblins
  6 hobgoblins
  2 quokkas (D:2)
  2 frilled lizards (D:1)
  2 kobolds
  4 rats
71 creatures vanquished.

Vanquished Creatures (others)
  A plant (D:4)
1 creature vanquished.

Grand Total: 72 creatures vanquished

Notes
Turn   | Place    | Note
-------+----------+-------------------------------------------
     0 | D:1      | sammy202020 the Gargoyle Berserker began the quest for the
                  | Orb.
     0 | D:1      | Reached XP level 1. HP: 14/14 MP: 1/1
   631 | D:1      | Reached XP level 2. HP: 19/19 MP: 2/2
  1221 | D:2      | Reached XP level 3. HP: 19/24 MP: 3/3
  1710 | D:2      | Found a runed translucent door.
  1711 | D:2      | Noticed Crazy Yiuf
  1721 | D:2      | Killed Crazy Yiuf
  1794 | D:2      | Noticed Natasha
  1802 | D:2      | Killed Natasha
  1803 | D:2      | Reached skill level 4 in Fighting
  1803 | D:2      | Reached XP level 4. HP: 29/29 MP: 4/4
  3184 | D:3      | Found a glowing golden altar of the Shining One.
  3459 | D:4      | Reached XP level 5. HP: 25/34 MP: 5/5
  3564 | D:4      | Reached ** piety under Trog
  3716 | D:4      | Reached XP level 6. HP: 19/39 MP: 6/6
  3985 | D:4      | Reached skill level 5 in Fighting
  4301 | D:4      | Found a shimmering blue altar of Sif Muna.
  4453 | D:4      | Found a staircase to the Ecumenical Temple.
  4774 | D:5      | Entered Level 5 of the Dungeon
  4781 | D:5      | Reached XP level 7. HP: 44/44 MP: 7/7
  4860 | D:5      | Reached skill level 5 in Maces & Flails
  5016 | D:5      | Identified the +1 leather armour of Follow the Leader {rC++
                  | Stlth+}
  5093 | D:5      | Reached skill level 5 in Armour
  5178 | D:5      | Found a hide-covered altar of Uskayaw.
  5291 | D:5      | Reached skill level 6 in Fighting
  5291 | D:5      | Reached XP level 8. HP: 26/51 MP: 8/8
  5566 | D:5      | Found a burning altar of Makhleb.
  5578 | D:5      | Found a white marble altar of Elyvilon.
  5599 | D:6      | Noticed Prince Ribbit
  5632 | D:6      | Slain by Prince Ribbit

Illustrated notes

Levels and vault maps discovered:
D:1:      tarquinn_simple_flora_water_a, layout_loops_ring
D:2:      layout_basic, shapermc_ecumenical_altar_petra, uniq_natasha,
          uniq_crazy_yiuf_cottage
D:3:      layout_loops_ring, mainiacjoe_overflow_alcove_2, chequers_jeans
D:4:      cheibrodos_old_hovel, layout_cave_pods, lemuel_blue_sif_altar,
          lemuel_temple_firewalk_b, minmay_fire_ice_demons
D:5:      layout_rooms, nicolae_uskayaw_murder_on_the_dancefloor,
          amethyst_overflow_temple_binary, hellmonk_bongcloud_opening
D:6:      minmay_flawed_box, layout_basic, mainiacjoe_overflow_alcove_4,
          roderic_serpentine_path, kennysheep_generic_room_13, uniq_pikel,
          uniq_prince_ribbit1

Skill      XL: |  1  2  3  4  5  6  7 |
---------------+----------------------+-----
Armour         | 3 4 5 |  5.7
Fighting       | 4 5 6 |  6.2
Dodging        | 2 3 |  3.3
Maces & Flails | 4 5 |  5.7

Action                   |  1- 3 |  4- 6 |  7- 9 || total
-------------------------+-------+-------+-------++-------
Melee: Mace              |    92 |    44 |       ||   136
       Dire flail        |       |   104 |    85 ||   189
Invok: Berserk           |     1 |     2 |     1 ||     4
       Trog's Hand       |       |     1 |     1 ||     2
  Use: Scroll            |     1 |     6 |     4 ||    11
 Stab: Sleeping          |     1 |       |       ||     1
Armor: Animal skin       |    14 |       |       ||    14
       Chain mail        |    32 |    95 |    55 ||   182
Dodge: Dodged            |    47 |    70 |    19 ||   136

Table legend: (Time is in decaauts)
 A = Elapsed time spent in this place.
 B = Non-inter-level travel time spent in this place.
 C = Inter-level travel time spent in this place.
 D = Time resting spent in this place.
 E = Time spent auto-exploring this place.
 F = Levels seen in this place.
 G = Mean time per level.
                   A        B        C        D        E       F      G
               +--------+--------+--------+--------+--------+-----+--------+
         Total |   5695 |   5544 |    151 |      2 |   4606 |   6 |  949.2 |
       Dungeon |   5695 |   5544 |    151 |      2 |   4606 |   6 |  949.2 |
               +--------+--------+--------+--------+--------+-----+--------+

Top non-repeatable levels by time:
     D:2: 1595 daAuts
     D:4: 1477 daAuts
     D:3: 1062 daAuts
     D:5: 828 daAuts
     D:1: 697 daAuts
     D:6: 33 daAuts
